 Dungeon Crawl Stone Soup version 0.22.1-2-g9c5b331 (webtiles) character file.

330 diana the Cutter (level 6, -3/47 HPs)
             Began as a Demonspawn Gladiator on Dec 29, 2018.
             Slain by a bullfrog (4 damage)
             ... in a sewer.
             The game lasted 00:05:21 (3060 turns).

diana the Cutter (Demonspawn Gladiator)             Turns: 3060, Time: 00:05:21

Health: -3/47      AC:  5    Str: 18 (21) XL:     6   Next: 26%
Magic:  6/6        EV: 16    Int:  9      God:
Gold:   124        SH:  0    Dex: 18 (20) Spells: 5/5 levels left

rFire    . . .     SeeInvis +   a - +0 rapier
rCold    . . .     Gourm    .   (no shield)
rNeg     . . .     Faith    .   b - +0 leather armour
rPois    .         Spirit   .   c - +0 helmet
rElec    .         Reflect  .   (no cloak)
rCorr    .         Harm     .   (no gloves)
MR       .....                  (no boots)
Stlth    ++........             (no amulet)
HPRegen  0.15/turn              h - +1 ring of protection
MPRegen  0.10/turn              r - ring of see invisible

@: mighty, agile, constricted
A: hooves 1, sturdy frame 2
a: no special abilities


You were in a sewer.
You were hungry.

You visited 1 branch of the dungeon, and saw 3 of its levels.
You also visited: Sewer.

You collected 124 gold pieces.

Inventory:

Hand Weapons
 a - a +0 rapier (weapon)
Missiles
 d - a throwing net (quivered)
Armour
 b - a +0 leather armour (worn)
 c - a +0 helmet (worn)
Jewellery
 h - a +1 ring of protection (left hand)
 r - a ring of see invisible (right hand)
 s - an uncursed ring of protection from cold {unknown}
Wands
 n - a wand of enslavement (17)
Scrolls
 g - a scroll of magic mapping {unknown}
 i - a scroll of enchant armour {unknown}
 l - a scroll of noise {unknown}
 o - a scroll of remove curse {unknown}
 q - a scroll of teleportation {unknown}
 v - 4 scrolls of fog {unknown}
Potions
 e - a potion of degeneration
 j - a potion of magic
 k - a potion of cancellation
Comestibles
 f - 3 rations


   Skills:
 + Level 3.4 Fighting
 * Level 4.5 Short Blades
 - Level 1.7 Throwing
 + Level 2.2 Armour
 + Level 3.7 Dodging


You had 5 spell levels left.
You didn't know any spells.
Your spell library was empty.

Dungeon Overview and Level Annotations

Branches:
Dungeon (3/15)

Altars:
Nemelex Xobeh
Wu Jian


Innate Abilities, Weirdness & Mutations

You have large cloven feet.
Your movements are less encumbered by armour. (ER -4)


Message History

The ball python barely misses you. The bullfrog misses you.
You puncture the bullfrog!
The bullfrog is almost dead.
The bullfrog struggles against the net.
The net rips apart, and the bullfrog comes free!
The ball python closely misses you.
* * * LOW HITPOINT WARNING * * *
The ball python constricts you. The ball python barely misses you.
The bullfrog barely misses you. The ball python closely misses you.
The ball python misses you. The bullfrog closely misses you.
The ball python misses you.
* * * LOW HITPOINT WARNING * * *
The ball python constricts you.
You barely miss the bullfrog.
The bullfrog is almost dead.
The bullfrog closely misses you. The bullfrog misses you.
The ball python misses you. The ball python barely misses you.
The ball python closely misses you. x2; The ball python constricts you.
The bullfrog hits you.
You die...

#S ....
#..... #.
≈≈.## ##≈≈≈≈
#≈ ≈#≈≈#
#≈≈≈≈≈ #≈
≈≈≈≈# #≈≈≈≈≈
#≈ ≈≈≈≈#
#≈≈≈≈≈ #≈
≈≈≈≈# #≈≈≈≈≈
#≈#≈≈≈≈#
#≈≈≈≈≈
#FS#≈≈≈#
#≈≈≈≈≈
#F@S≈≈≈#
#≈≈≈≈≈
#≈SS≈≈≈#
##..≈.
#≈≈≈≈≈≈#
#≈≈[..
#≈#≈≈≈≈#
##.≈.≈
#≈≈≈≈≈≈#
#≈≈≈≈≈
#≈≈≈≈≈≈#
#≈≈≈≈≈
#≈≈≈≈≈≈#
#≈÷÷≈≈
#≈≈≈≈≈≈#
#≈≈≈÷≈
#≈≈≈≈≈≈#####
#≈≈≈≈≈


You could see 2 bullfrogs and 4 ball pythons.

Vanquished Creatures
  Natasha (twice) (D:2 D:3)
  An iguana (D:3)
  5 river rats
  7 adders
  9 oozes
  A dart slug (D:2)
  An orc (D:3)
  10 ball pythons
  9 giant cockroaches
  4 goblins (D:2)
  9 hobgoblins
  7 jackals
  5 kobolds
  2 quokkas (D:2)
  7 bats
  7 frilled lizards
  40 rats
126 creatures vanquished.

Notes
Turn   | Place    | Note
-------+----------+-------------------------------------------
     0 | D:1      | diana the Demonspawn Gladiator began the quest for the Orb.
     0 | D:1      | Reached XP level 1. HP: 16/16 MP: 1/1
     1 | D:1      | Found a runed door.
    43 | D:1      | Gained mutation: Your movements are slightly less
                  | encumbered by armour. (ER -2) [demonic ancestry]
    43 | D:1      | Reached XP level 2. HP: 15/22 MP: 2/2
   113 | D:1      | Reached skill level 3 in Short Blades
   469 | D:1      | HP: 1/22 [hobgoblin/club (7)]
   555 | D:1      | Gained mutation: You have large cloven feet. [demonic
                  | ancestry]
   555 | D:1      | Reached XP level 3. HP: 18/28 MP: 3/3
   775 | D:1      | Reached skill level 1 in Armour
   850 | D:2      | Gained mutation: Your movements are less encumbered by
                  | armour. (ER -4) [demonic ancestry]
   850 | D:2      | Reached XP level 4. HP: 31/34 MP: 4/4
  1175 | D:2      | Found an ornate altar of the Wu Jian Council.
  1444 | D:2      | Noticed Natasha
  1452 | D:2      | Killed Natasha
  1857 | D:2      | Reached XP level 5. HP: 38/40 MP: 5/5
  2005 | D:3      | Noticed Natasha
  2015 | D:3      | Killed Natasha
  2019 | D:3      | Reached skill level 4 in Short Blades
  2054 | D:3      | Found a sparkling altar of Nemelex Xobeh.
  2136 | D:3      | Found a glowing drain.
  2158 | Sewer    | Entered a sewer
  2370 | Sewer    | Reached XP level 6. HP: 17/47 MP: 6/6
  3059 | Sewer    | HP: 2/47 [ball python (1)]
  3060 | Sewer    | Slain by a bullfrog

Skill      XL: |  1  2  3  4  5 |
---------------+----------------+-----
Short Blades   | 3 4 |  4.5
Dodging        | 3 |  3.7
Armour         | 1 2 |  2.2
Fighting       | 3 |  3.4
Throwing       | |  1.7

Action                   |  1- 3 |  4- 6 || total
-------------------------+-------+-------++-------
Melee: Rapier            |   107 |   284 ||   391
       Kick              |    15 |    58 ||    73
Throw: Throwing net      |       |     2 ||     2
  Use: Potion            |     1 |     8 ||     9
 Stab: Sleeping          |     2 |       ||     2
  Eat: Chunk             |       |     7 ||     7
Armor: Leather armour    |    25 |   118 ||   143
       Skin              |       |    49 ||    49
Dodge: Dodged            |    66 |   361 ||   427
